Map: Prion Terraces

Players

Miszu - Winner!

  • Race: Terran Terran
  • League: Master

littlewing

  • Race: Protoss Protoss
  • League: Master

VOD

Have the link to the VOD?

Description

Time

  • Played on: March 8, 2016, 1:07 p.m.
  • Length: 13:54
Show
View Real Time Build Order
Export as new Build Order

Miszu Terran - Winner!

Build Orders: Mech 

Get SALT Encoding   

  12  0:01  SCV  
  13  0:13  SCV  
  14  0:17  Supply Depot  
  14  0:25  SCV  
  15  0:39  SCV  
  15  0:42  Barracks  
  16  0:45  Refinery  
  16  0:51  SCV  
  17  1:03  SCV  
  18  1:15  SCV  
  19  1:28  Orbital Command  
  19  1:31  Barracks Reactor  
  19  1:39  Command Center  
  19  1:47  Supply Depot  
  19  1:54  SCV  
  20  2:08  Marine  
  20  2:09  Marine  
  20  2:14  SCV  
  20  2:15  Factory  
  23  2:18  Refinery  
  23  2:26  Marine x2, SCV  
  26  2:39  SCV  
  27  2:45  Marine x2  
  27  2:51  SCV  
  30  2:56  Orbital Command  
  30  3:03  SCV  
  31  3:10  Factory  
  31  3:13  Hellion  
  31  3:15  SCV  
  31  3:17  Hellion  
  31  3:19  Barracks Reactor  
  36  3:21  SCV  
  37  3:27  SCV  
  37  3:34  SCV  
  39  3:39  SCV  
  40  3:46  Hellion x2, SCV  
  44  3:51  SCV  
  44  3:55  Factory  
  45  3:58  SCV  
  46  4:04  Barracks Reactor  
  46  4:14  Supply Depot  
  46  4:15  Supply Depot  
  46  4:27  Supply Depot  
  46  4:35  Hellion x3, SCV  
  46  4:36  Hellion  
  49  4:49  SCV  
  49  4:50  SCV, Factory Tech Lab  
  49  4:57  Hellion x2  
  49  4:58  Hellion  
  55  5:00  Hellion  
  55  5:01  SCV  
  55  5:06  SCV  
  59  5:13  Siege Tank, SCV  
  63  5:15  Armory  
  63  5:18  Hellion x2, SCV  
  63  5:20  Hellion  
  68  5:21  Hellion  
  69  5:28  SCV  
  69  5:30  SCV  
  66  5:40  Hellion x2, SCV  
  66  5:42  SCV  
  69  5:45  Siege Tank  
  68  5:52  SCV  
  69  5:57  Hellion x2  
  69  6:01  SCV  
  62  6:04  SCV  
  62  6:06  Command Center  
  57  6:12  Hellion  
  57  6:13  Hellion, SCV  
  57  6:16  SCV  
  57  6:17  Cyclone  
  58  6:19  Hellion x2  
  62  6:25  SCV  
  62  6:29  SCV  
  60  6:37  Hellion x2, SCV  
  65  6:41  SCV  
  65  6:44  Hellion x2  
  70  6:51  Refinery  
  70  6:52  Refinery, Terran Vehicle Weapons Level 1  
  70  6:59  Siege Tank, SCV x2  
  73  7:07  Hellion x2  
  77  7:11  SCV  
  78  7:16  Factory  
  78  7:17  Hellion x2, SCV  
  78  7:18  Factory  
  83  7:27  SCV x2  
  83  7:28  Hellion  
  83  7:29  SCV  
  88  7:31  Siege Tank  
  88  7:35  Supply Depot  
  88  7:36  Supply Depot  
  88  7:39  Hellion  
  88  7:51  Hellion x2  
  92  7:55  Orbital Command  
  92  7:56  SCV  
  92  7:57  Hellion  
  95  8:00  Refinery  
  95  8:03  Refinery, Siege Tank  
  98  8:16  Factory Tech Lab  
  98  8:17  Factory Tech Lab  
  98  8:18  Hellion  
  98  8:19  Hellion x3  
  104  8:20  Supply Depot  
  104  8:21  Armory  
  104  8:26  SCV x3  
  107  8:33  Ghost Academy  
  107  8:40  Barracks Tech Lab  
  107  8:42  Siege Tank x3  
  107  8:46  Engineering Bay  
  116  9:00  Terran Vehicle Weapons Level 2  
  116  9:01  Supply Depot  
  116  9:08  Supply Depot  
  116  9:09  Supply Depot  
  116  9:12  Supply Depot, Terran Vehicle And Ship Armor Level 1  
  116  9:13  Supply Depot  
  116  9:21  Missile Turret  
  116  9:23  Hellion x3, Siege Tank  
  125  9:24  Missile Turret  
  125  9:29  Ghost  
  125  9:30  Siege Tank x2  
  131  9:48  Hellion x3  
  137  9:55  Siege Tank  
  140  10:01  Hellion, Ghost  
  140  10:02  Siege Tank x2  
  150  10:10  Hellion x3  
  156  10:14  Supply Depot  
  156  10:18  Supply Depot  
  156  10:27  Siege Tank  
  134  10:38  Siege Tank x2  
  117  10:46  Missile Turret  
  117  10:49  Hellion x2  
  104  10:56  Hellion  
  106  10:59  Siege Tank  
  99  11:10  Hellion x2, Cyclone  
  106  11:12  Starport  
  106  11:15  Orbital Command  
  106  11:20  Ghost  
  106  11:22  Factory Tech Lab x2  
  106  11:25  Refinery  
  108  11:31  Refinery, Hellion x2, Siege Tank  
  115  11:42  Siege Tank  
  118  11:51  Siege Tank x2  
  118  11:53  Viking  
  126  12:03  Siege Tank  
  126  12:04  Missile Turret  
  129  12:10  Hellion x2  
  129  12:11  Missile Turret x2  
  129  12:13  Missile Turret  
  129  12:14  Ghost  
  129  12:15  Hellion  
  136  12:27  Missile Turret  
  131  12:30  Infernal Pre-Igniter  
  131  12:42  Siege Tank  
  131  12:43  Hellion x3  
  140  12:45  Ghost  
  140  12:51  Missile Turret  
  137  13:07  Siege Tank  
  136  13:13  Siege Tank  
  136  13:15  Hellion x2  
  136  13:16  Hellion x2  
  126  13:48  Starport Tech Lab  
Show
View Real Time Build Order
Export as new Build Order

littlewing Protoss 

Build Orders: 1 Gate Expand, Blink Stalkers 

Get SALT Encoding   

  12  0:01  Probe (Chrono Boost)  
  13  0:11  Probe (Chrono Boost)  
  14  0:18  Pylon  
  14  0:22  Probe (Chrono Boost)  
  15  0:36  Probe (Chrono Boost)  
  15  0:37  Gateway  
  16  0:43  Assimilator  
  16  0:46  Probe (Chrono Boost)  
  17  0:57  Probe (Chrono Boost)  
  18  1:08  Probe (Chrono Boost)  
  19  1:18  Probe (Chrono Boost)  
  20  1:25  Cybernetics Core  
  20  1:29  Probe (Chrono Boost)  
  21  1:40  Nexus  
  21  1:48  Assimilator  
  21  1:50  Probe (Chrono Boost)  
  22  1:56  Pylon  
  22  2:02  Warp Gate  
  22  2:14  Adept  
  22  2:15  Mothership Core (Chrono Boost)  
  26  2:33  Probe (Chrono Boost)  
  27  2:41  Stalker  
  29  2:49  Probe (Chrono Boost)  
  30  2:54  Twilight Council  
  30  2:59  Probe (Chrono Boost)  
  30  3:02  Probe (Chrono Boost)  
  30  3:04  Pylon  
  32  3:10  Probe (Chrono Boost)  
  33  3:18  Probe (Chrono Boost)  
  34  3:20  Probe (Chrono Boost)  
  34  3:24  Robotics Facility  
  35  3:29  Probe (Chrono Boost)  
  35  3:31  Probe (Chrono Boost)  
  37  3:36  Blink (Chrono Boost)  
  37  3:39  Probe (Chrono Boost)  
  38  3:41  Probe (Chrono Boost)  
  37  3:51  Pylon  
  37  3:52  Gateway, Probe (Chrono Boost)  
  37  3:54  Pylon  
  38  3:56  Probe (Chrono Boost)  
  39  4:03  Probe  
  39  4:05  Stalker  
  39  4:06  Probe  
  43  4:10  Assimilator  
  43  4:11  Assimilator  
  43  4:15  Probe  
  43  4:16  Immortal (Chrono Boost)  
  48  4:27  Probe  
  48  4:30  Pylon  
  49  4:31  Stalker  
  47  4:47  Probe  
  47  4:49  Probe  
  47  4:52  Warp Prism (Chrono Boost)  
  51  4:57  Probe  
  51  4:59  Gateway  
  52  5:01  Probe  
  52  5:04  Gateway  
  53  5:07  Stalker x2  
  53  5:10  Probe  
  53  5:13  Probe  
  59  5:21  Observer  
  59  5:25  Probe  
  59  5:27  Pylon  
  59  5:39  Probe x2  
  59  5:40  Observer  
  62  5:51  Probe  
  62  5:52  Nexus  
  62  5:53  Stalker  
  62  5:54  Stalker, Pylon  
  59  6:08  Stalker x2  
  59  6:20  Stalker x2  
  59  6:24  Probe  
  64  6:26  Dark Shrine  
  64  6:32  Gateway  
  58  6:33  Gateway, Stalker x2  
  58  6:36  Probe (Chrono Boost)  
  58  6:39  Pylon  
  63  6:43  Pylon  
  63  6:44  Probe (Chrono Boost)  
  63  6:47  Pylon, Probe (Chrono Boost)  
  64  6:49  Stalker x2  
  69  6:56  Probe (Chrono Boost)  
  69  6:58  Probe (Chrono Boost)  
  71  7:03  Stalker x2  
  75  7:14  Robotics Facility  
  75  7:16  Robotics Bay  
  75  7:20  Probe (Chrono Boost)  
  75  7:22  Probe (Chrono Boost)  
  77  7:26  Forge, Assimilator  
  77  7:28  Assimilator  
  77  7:32  Probe x2 (Chrono Boost)  
  79  7:43  Immortal  
  78  7:44  Probe (Chrono Boost)  
  78  7:50  Stalker x6  
  94  7:54  Charge  
  94  8:19  Stalker x5  
  104  8:25  Probe (Chrono Boost)  
  104  8:26  Photon Cannon  
  105  8:27  Immortal (Chrono Boost)  
  105  8:30  Photon Cannon  
  105  8:34  Probe  
  110  8:35  Probe  
  110  8:37  Probe  
  110  8:38  Protoss Ground Weapons Level 1 (Chrono Boost)  
  112  8:45  Pylon  
  112  8:46  Probe  
  113  8:49  Immortal, Probe  
  118  8:58  Probe  
  119  9:03  Immortal  
  123  9:10  Probe  
  124  9:21  Stalker x5  
  124  9:22  Stalker  
  124  9:23  Nexus  
  136  9:25  Pylon  
  136  9:26  Pylon  
  136  9:28  Pylon  
  135  9:38  Immortal  
  139  9:46  Stalker  
  139  9:47  Stalker x3  
  139  9:48  Stalker x2  
  151  9:54  Photon Cannon  
  151  9:55  Photon Cannon  
  151  9:57  Pylon  
  151  9:59  Forge  
  151  10:02  Assimilator  
  151  10:06  Assimilator  
  151  10:09  Pylon  
  151  10:14  Dark Templar x3  
  157  10:28  Protoss Ground Weapons Level 2 (Chrono Boost)  
  94  10:47  Immortal  
  94  10:48  Zealot  
  94  10:49  Immortal, Zealot x5  
  80  11:06  Gateway  
  80  11:08  Gateway  
  80  11:10  Gateway x2  
  76  11:12  Pylon, Protoss Ground Armor Level 1 (Chrono Boost)  
  76  11:19  Dark Templar x2  
  76  11:20  Dark Templar x2  
  76  11:21  Immortal  
  84  11:27  Immortal  
  84  11:28  Archon  
  84  11:29  Archon  
  92  11:35  Stalker  
  92  11:36  Stalker  
  96  11:52  Dark Templar  
  98  11:55  Stalker x3  
  98  11:59  Immortal  
  104  12:01  Immortal  
  112  12:12  Templar Archives  
  112  12:23  Stalker x4  
  120  12:33  Immortal  
  120  12:37  Dark Templar x3  
  128  12:50  High Templar x4  
  136  12:55  Archon  
  136  12:56  Archon  
  128  12:59  Nexus  
  128  13:01  Pylon  
  128  13:04  Pylon  
  123  13:06  Assimilator  
  123  13:10  Assimilator  
  123  13:12  High Templar x2  
  127  13:17  Archon  
  127  13:18  Stalker x2  
  79  13:38  Dark Templar x4  
Tags
 
Add a new tag
Caveats
  • Supply blocks, unpowered buildings, or Contaminate may cause inaccurate times.
  • Supply counts are checked every 10 seconds.